 Dungeon Crawl Stone Soup version 0.27.1 (webtiles) character file.

Game seed: 4646385030128389299

686 packetloss the Magician (level 7, -1/51 HPs)
             Began as a Gnoll Hedge Wizard on Aug 23, 2021.
             Was an Initiate of Vehumet.
             Slain by an acid dragon (4 damage)
             ... on level 6 of the Dungeon.
             The game lasted 00:15:30 (6697 turns).

packetloss the Magician (Gnoll Hedge Wizard)        Turns: 6697, Time: 00:15:30

Health: -1/51      AC:  2    Str: 10    XL:     7   Next: 62%
Magic:  11/18      EV: 13    Int: 15    God:    Vehumet [......]
Gold:   304        SH:  0    Dex: 11    Spells: 7/21 levels left

rFire    + . .     SeeInvis .   t - +0 dagger (elec)
rCold    . . .     Faith    .   (no shield)
rNeg     . . .     Spirit   .   b - +0 robe
rPois    .         Reflect  .   c - +0 hat
rElec    .         Harm     .   (no cloak)
rCorr    .         Rampage  .   (no gloves)
Will     .....                  (no boots)
Stlth    +++.......             (no amulet)
HPRegen  0.17/turn              v - ring of protection from fire
MPRegen  0.16/turn              (no ring)

@: no status effects
A: fangs 1, strong nose, distributed training
a: Renounce Religion


You were on level 6 of the Dungeon.
You worshipped Vehumet.
Vehumet was noncommittal.
You visited 1 branch of the dungeon, and saw 7 of its levels.

You collected 304 gold pieces.

Inventory:

Hand Weapons
 a - a +0 dagger
 g - a +0 vampiric dagger
 t - a +0 dagger of electrocution (weapon)
Armour
 b - a +0 robe (worn)
 c - a +0 hat (worn)
Magical Staves
 o - a staff of air
 w - a staff of poison
Jewellery
 s - a ring of ice
 v - a ring of protection from fire (left hand)
Wands
 x - a wand of flame (11)
 y - a wand of acid (8)
 A - a wand of iceblast (5)
Scrolls
 d - a scroll of vulnerability {unknown}
 i - a scroll of summoning {unknown}
 j - 2 scrolls of amnesia
 k - 2 scrolls of teleportation
 l - a scroll of noise {unknown}
 n - 3 scrolls of enchant armour {unknown}
 r - a scroll of magic mapping {unknown}
 u - 2 scrolls of fog {unknown}
 C - a scroll of immolation {unknown}
Potions
 e - a potion of heal wounds {unknown}
 f - a potion of resistance {unknown}
 h - 2 potions of might
 m - a potion of magic {unknown}
 p - a potion of haste {unknown}
 q - a potion of cancellation {unknown}
 z - a potion of attraction {unknown}
 B - a potion of flight {unknown}
 D - a potion of curing


   Skills:
 + Level 2.6 Fighting
 + Level 2.6 Short Blades
 + Level 2.6 Long Blades
 + Level 2.6 Axes
 + Level 2.6 Maces & Flails
 + Level 2.6 Polearms
 + Level 2.6 Staves
 + Level 2.6 Slings
 + Level 2.6 Bows
 + Level 2.6 Crossbows
 + Level 2.6 Throwing
 + Level 2.6 Armour
 + Level 5.3 Dodging
 + Level 5.0 Stealth
 + Level 2.6 Shields
 + Level 2.6 Unarmed Combat
 + Level 7.6 Spellcasting
 + Level 3.0 Conjurations
 + Level 2.1 Hexes
 + Level 3.0 Summonings
 + Level 2.1 Necromancy
 + Level 3.0 Translocations
 + Level 2.1 Transmutations
 + Level 2.1 Fire Magic
 + Level 2.1 Ice Magic
 + Level 2.1 Air Magic
 + Level 2.1 Earth Magic
 + Level 2.1 Poison Magic
 + Level 2.9 Invocations
 + Level 2.6 Evocations


You had 7 spell levels left.
You knew the following spells:

 Your Spells              Type           Power      Damage    Failure   Level
a - Magic Dart            Conj           60%        1d6       3%          1
b - Call Imp              Summ           15%        N/A       5%          2
c - Blink                 Tloc           N/A        N/A       5%          2
d - Mephitic Cloud        Conj/Pois/Air  13%        N/A       14%         3
e - Tukima's Dance        Hex            12%        N/A       16%         3
f - Conjure Flame         Conj/Fire      13%        6-21      13%         3

Your spell library contained the following spells:

 Spells                   Type           Power      Damage    Failure   Level
 Slow                     Hex            12%        N/A       8%          2
 Passage of Golubria      Tloc           N/A        N/A       34%         4
 Yara's Violent Unravell  Hex/Tmut       6%         3d5       82%         5


Dungeon Overview and Level Annotations

Branches:
Dungeon (7/15)
 Temple: D:4-7

Altars:
Cheibriados
Okawaru
Vehumet
Zin

Shops:
D:4 *

Annotations:
D:1 digging gets stuff
D:3 3 runed translucent doors, velxir3's ghost, weakling DsNe
D:5 90%


Innate Abilities, Weirdness & Mutations

You have very sharp teeth.
Your uncanny sense of smell can sniff out nearby items.
Your experience applies equally to all skills.


Message History

You puncture the orc!
You kill the orc!
Vehumet accepts your kill.
An acid dragon comes into view.
The acid dragon roars!
The orc hits you with a +0 flail.
You take 2 damage, and have 49/51 hp.
You hit the orc.
The orc is moderately wounded.
The orc hits you with a +0 flail. The acid dragon spits acid at you.
The splash of acid hits you!
You are splashed with acid!
You take 21 damage, and have 28/51 hp.
MASSIVE DAMAGE!!
You are too injured to fight recklessly!
Unknown command.
Casting: Mephitic Cloud (dangerous; 14% risk of failure)
Confirm with . or Enter, or press ? or * to list all spells.
Aiming: Mephitic Cloud (dangerous; 14% risk of failure)
Press: ? - help, Shift-Dir - straight line, f - acid dragon
Aim: an acid dragon (catching its breath, not susceptible)
The ball explodes into a vile cloud!
The stinking cloud engulfs the acid dragon but does no damage.
You hear an angry hiss. x2
The orc barely misses you.
Unknown command.
Unknown command.
You now have 11/18 mp.
Unknown command.
You hit the acid dragon but do no damage.
The orc hits you with a +0 flail. The acid dragon bites you!
* * * LOW HITPOINT WARNING * * *
The acid dragon claws you.
* * * LOW HITPOINT WARNING * * *
You take 18 damage, and have 10/51 hp.
MASSIVE DAMAGE!!
Unknown command.
Okay, then.
The acid dragon bites you!
* * * LOW HITPOINT WARNING * * *
The acid dragon claws you.
You die...

#.###.#.# ..# #.....#.#
..# #..# #.# #. #.##
#.# #.## #... #.#
#..###.##
#○+########+........
####.D)..........###.#.
#.)..o@..............#.
#.#####..###<###.##..#.
#. #..# #........... #.
#..###).##.#..... #o
#.......##.#..### #.
#.##.......#..### #.
#.##.#..####....# #.
#.##.#..####.....
#.............#.#


You could see an acid dragon (catching breath) and an orc.

Vanquished Creatures
  A scorpion (D:5)
  A water moccasin skeleton (D:5)
  A jelly (D:6)
  A hound (D:4)
  An orc priest (D:5)
  3 scorpion zombies (D:5)
  3 iguanas
  2 orc wizards
  A hound zombie (D:5)
  2 hound skeletons (D:4)
  8 gnolls
  3 adders
  A shadow imp (D:4)
  2 ufetubi
  3 dart slugs
  12 orcs
  9 ball pythons
  6 endoplasms
  2 giant cockroaches
  5 goblins
  4 hobgoblins
  4 jackals (D:4)
  4 kobolds
  A quokka (D:3)
  2 bats (D:3)
  A frilled lizard (D:2)
  7 rats
90 creatures vanquished.

Vanquished Creatures (collateral kills)
  An ogre (D:5)
1 creature vanquished.

Vanquished Creatures (others)
  2 fungi (D:2)
  3 plants (D:2)
5 creatures vanquished.

Grand Total: 96 creatures vanquished

Notes
Turn   | Place    | Note
-------+----------+-------------------------------------------
     0 | D:1      | packetloss the Gnoll Hedge Wizard began the quest for the
                  | Orb.
     0 | D:1      | Reached XP level 1. HP: 13/13 MP: 8/8
   383 | D:1      | Reached skill level 2 in Conjurations
   383 | D:1      | Reached skill level 2 in Summonings
   383 | D:1      | Reached skill level 2 in Translocations
   547 | D:1      | Reached XP level 2. HP: 19/19 MP: 6/10
   581 | D:1      | Learned a level 2 spell: Call Imp
   584 | D:1      | Learned a level 2 spell: Blink
  1221 | D:2      | Reached XP level 3. HP: 25/25 MP: 7/11
  1230 | D:2      | Learned a level 3 spell: Mephitic Cloud
  1743 | D:2      | Found a faded altar of an unknown god.
  2337 | D:3      | Reached skill level 1 in Invocations
  2343 | D:3      | Learned a level 3 spell: Tukima's Dance
  2599 | D:3      | Found a runed translucent gate.
  2599 | D:3      | Found a runed translucent gate.
  2601 | D:3      | Found a runed translucent gate.
  2603 | D:3      | Noticed velxir3's ghost (weakling DsNe)
  2744 | D:3      | Reached skill level 1 in Fighting
  2744 | D:3      | Reached skill level 1 in Short Blades
  2744 | D:3      | Reached skill level 1 in Long Blades
  2744 | D:3      | Reached skill level 1 in Axes
  2744 | D:3      | Reached skill level 1 in Maces & Flails
  2744 | D:3      | Reached skill level 1 in Polearms
  2744 | D:3      | Reached skill level 1 in Staves
  2744 | D:3      | Reached skill level 1 in Slings
  2744 | D:3      | Reached skill level 1 in Bows
  2744 | D:3      | Reached skill level 1 in Crossbows
  2744 | D:3      | Reached skill level 1 in Throwing
  2744 | D:3      | Reached skill level 1 in Armour
  2744 | D:3      | Reached skill level 1 in Shields
  2744 | D:3      | Reached skill level 1 in Unarmed Combat
  2744 | D:3      | Reached skill level 1 in Evocations
  2859 | D:3      | Reached XP level 4. HP: 22/32 MP: 3/13
  3221 | D:4      | Reached skill level 1 in Hexes
  3221 | D:4      | Reached skill level 1 in Necromancy
  3221 | D:4      | Reached skill level 1 in Transmutations
  3221 | D:4      | Reached skill level 1 in Fire Magic
  3221 | D:4      | Reached skill level 1 in Ice Magic
  3221 | D:4      | Reached skill level 1 in Air Magic
  3221 | D:4      | Reached skill level 1 in Earth Magic
  3221 | D:4      | Reached skill level 1 in Poison Magic
  3289 | D:4      | Found Feneumpoe's Overcharged Wands.
  3556 | D:4      | Reached XP level 5. HP: 20/37 MP: 10/14
  4024 | D:4      | Found a radiant altar of Vehumet.
  4037 | D:4      | Became a worshipper of Vehumet
  4057 | D:4      | Reached skill level 2 in Invocations
  4057 | D:4      | Reached XP level 6. HP: 44/44 MP: 12/16
  4484 | D:5      | Entered Level 5 of the Dungeon
  4546 | D:5      | Found a glowing silver altar of Zin.
  4617 | D:5      | Reached skill level 5 in Dodging
  4795 | D:5      | Reached skill level 2 in Fighting
  4795 | D:5      | Reached skill level 2 in Short Blades
  4795 | D:5      | Reached skill level 2 in Long Blades
  4795 | D:5      | Reached skill level 2 in Axes
  4795 | D:5      | Reached skill level 2 in Maces & Flails
  4795 | D:5      | Reached skill level 2 in Polearms
  4795 | D:5      | Reached skill level 2 in Staves
  4795 | D:5      | Reached skill level 2 in Slings
  4795 | D:5      | Reached skill level 2 in Bows
  4795 | D:5      | Reached skill level 2 in Crossbows
  4795 | D:5      | Reached skill level 2 in Throwing
  4795 | D:5      | Reached skill level 2 in Armour
  4795 | D:5      | Reached skill level 2 in Shields
  4795 | D:5      | Reached skill level 2 in Unarmed Combat
  4795 | D:5      | Reached skill level 2 in Evocations
  5605 | D:5      | Found a snail-covered altar of Cheibriados.
  5607 | D:5      | Found an iron altar of Okawaru.
  5849 | D:5      | Reached XP level 7. HP: 45/50 MP: 14/18
  6080 | D:5      | Learned a level 3 spell: Conjure Flame
  6178 | D:5      | Reached skill level 3 in Conjurations
  6178 | D:5      | Reached skill level 2 in Hexes
  6178 | D:5      | Reached skill level 3 in Summonings
  6178 | D:5      | Reached skill level 2 in Necromancy
  6178 | D:5      | Reached skill level 3 in Translocations
  6178 | D:5      | Reached skill level 2 in Transmutations
  6178 | D:5      | Reached skill level 2 in Fire Magic
  6178 | D:5      | Reached skill level 2 in Ice Magic
  6178 | D:5      | Reached skill level 2 in Air Magic
  6178 | D:5      | Reached skill level 2 in Earth Magic
  6178 | D:5      | Reached skill level 2 in Poison Magic
  6442 | D:7      | Noticed a steam dragon
  6682 | D:6      | Reached skill level 5 in Stealth
  6696 | D:6      | HP: 12/51 [acid dragon (11)]
  6697 | D:6      | HP: 3/51 [acid dragon (7)]
  6697 | D:6      | Slain by an acid dragon

Illustrated notes

Levels and vault maps discovered:
D:1:      dpeg_arrival_chambers_temple_mockup, layout_loops_ring,
          due_unseen_surprise
D:2:      layout_basic, shapermc_ecumenical_altar_mp_urbaneastern
D:3:      layout_basic, gammafunk_ghost_necromancy
D:4:      layout_loops_ring, vehumet_altar_wand_db,
          chequers_serial_rivers_micro_c, nicolae_shop_overcharged_wands
D:5:      layout_loops_corners, mainiacjoe_overflow_alcove_2,
          chequers_temple_overflow_statue_of_worship, serial_co_window_serial,
          co_window_cross_1, co_window_of_opportunity_a, co_window_corner_a,
          co_window_paths_a, co_window_of_opportunity_a, co_window_corner_a,
          co_window_paths_a, co_window_corner_a, co_window_corner_a,
          co_window_corner_b, co_window_broadway_a, co_window_corner_b,
          co_window_4corner_b, glass_columns_b, glass_columns_a,
          hangedman_decor_diamond_cutter, uniq_crazy_yiuf_cottage
D:6:      layout_loops_cross, mainiacjoe_overflow_cross_hatched,
          lemuel_round_altar, minmay_temple_entry_waves, minivault_11
D:7:      layout_basic, nicolae_ru_great_annihilating_truth,
          nicolae_uskayaw_dance_hall, roderic_lattice_a

Skill      XL: |  1  2  3  4  5  6  7 |
---------------+----------------------+-----
Conjurations   | 2 3 |  3.0
Summonings     | 2 3 |  3.0
Translocations | 2 3 |  3.0
Invocations    | 1 2 |  2.9
Fighting       | 1 2 |  2.6
Short Blades   | 1 2 |  2.6
Long Blades    | 1 2 |  2.6
Axes           | 1 2 |  2.6
Maces & Flails | 1 2 |  2.6
Polearms       | 1 2 |  2.6
Staves         | 1 2 |  2.6
Slings         | 1 2 |  2.6
Bows           | 1 2 |  2.6
Crossbows      | 1 2 |  2.6
Throwing       | 1 2 |  2.6
Armour         | 1 2 |  2.6
Shields        | 1 2 |  2.6
Unarmed Combat | 1 2 |  2.6
Evocations     | 1 2 |  2.6
Hexes          | 1 2 |  2.1
Necromancy     | 1 2 |  2.1
Transmutations | 1 2 |  2.1
Fire Magic     | 1 2 |  2.1
Ice Magic      | 1 2 |  2.1
Air Magic      | 1 2 |  2.1
Earth Magic    | 1 2 |  2.1
Poison Magic   | 1 2 |  2.1
Dodging        | 5 |  5.3
Stealth        | 5 |  5.0
Spellcasting   | |  7.6

Action                   |  1- 3 |  4- 6 |  7- 9 || total
-------------------------+-------+-------+-------++-------
Melee: Dagger            |     6 |   104 |    31 ||   141
       Bite              |     1 |     8 |     3 ||    12
       Punch             |       |     1 |       ||     1
 Cast: Magic Dart        |   112 |    77 |     3 ||   192
       Call Imp          |     1 |     3 |       ||     4
       Mephitic Cloud    |       |    13 |     6 ||    19
       Tukima's Dance    |       |     2 |       ||     2
       Blink             |       |     1 |     2 ||     3
       Conjure Flame     |       |       |     5 ||     5
  Use: Scroll            |       |     5 |       ||     5
 Stab: Confused          |       |     5 |     4 ||     9
       Sleeping          |       |       |     1 ||     1
Armor: Robe              |     9 |    11 |     1 ||    21
Dodge: Dodged            |    33 |    69 |    10 ||   112
